 Dungeon Crawl Stone Soup version 0.28-a0-533-g9f97627e2a (webtiles) character file.

Game seed: 13060189947844760685

39399 heikuro the Severer (level 13, 0/119 HPs)
             Began as a Minotaur Fighter on Sept 25, 2021.
             Was the Champion of Okawaru.
             Slain by a ten-headed hydra (10 damage)
             ... on level 15 of the Dungeon.
             The game lasted 00:25:30 (18881 turns).

heikuro the Severer (Minotaur Fighter)             Turns: 18881, Time: 00:25:31

Health: 0/119      AC: 32    Str: 25    XL:     13   Next: 69%
Magic:  12/19      EV: 14    Int:  5    God:    Okawaru [******]
Gold:   638        SH: 20    Dex: 18    Spells: 12/12 levels left

rFire   + . .      SeeInvis .   a - +0 war axe (elec)
rCold   + . .      Faith    .   M - +1 tower shield {AC+3}
rNeg    . . .      Spirit   .   H - +6 chain mail "Domegiem" {Dex+7}
rPois   .          Reflect  .   (helmet restricted)
rElec   .          Harm     .   c - scarf {rC+ rF+}
rCorr   .          Rampage  .   t - +0 pair of gloves
Will    .....                   I - +1 pair of boots {Stlth+}
Stlth   +.........              (no amulet)
HPRegen 0.29/turn               d - +4 ring of protection
MPRegen 0.16/turn               o - +4 ring of evasion

@: heroic, finesse-ful
A: horns 2, retaliatory headbutt
a: Renounce Religion, Heroism, Finesse, Duel


You were on level 15 of the Dungeon.
You worshipped Okawaru.
Okawaru was exalted by your worship.
You visited 3 branches of the dungeon, and saw 17 of its levels.

You collected 1164 gold pieces.
You spent 526 gold pieces at shops.

Inventory:

Hand Weapons
 a - a +0 war axe of electrocution (weapon)
 b - the +9 executioner's axe of Qenlyhai {vorpal, *Noise rCorr Str+5 Dex-5}
   (Okawaru gifted it to you on level 12 of the Dungeon)

   It inflicts extra damage upon your enemies.
   Str:       It affects your strength (+5).
   Dex:       It affects your dexterity (-5).
   *Noise:    It may make noises in combat.
   rCorr:     It protects you from acid and corrosion.
 N - a +1 battleaxe of venom
 T - a +3 battleaxe of draining
Missiles
 j - 2 boomerangs
 y - 80 poisoned darts (quivered)
 C - 4 curare-tipped darts
 D - 9 silver boomerangs
Armour
 c - a scarf of resistance (worn)
 t - a +0 pair of gloves (worn)
 v - a +0 cloak
 H - the +6 chain mail "Domegiem" (worn) {Dex+7}
   (You bought it in a shop on level 10 of the Dungeon)

   Dex:       It affects your dexterity (+7).
 I - a +1 pair of boots of stealth (worn)
 M - a +1 tower shield of protection (worn)
Jewellery
 d - a +4 ring of protection (left hand)
 o - a +4 ring of evasion (right hand)
 r - a ring of see invisible
 K - a +6 ring of dexterity
 O - a ring of ice
 P - a +6 ring of strength
 R - a ring of ice
Wands
 q - a wand of mindburst (14)
 w - a wand of flame (13)
 E - a wand of iceblast (19)
 L - a wand of paralysis (7)
Scrolls
 e - a scroll of torment {unknown}
 f - 3 scrolls of immolation
 g - 11 scrolls of identify
 i - a scroll of fog {unknown}
 k - 2 scrolls of blinking {unknown}
 l - 4 scrolls of noise {unknown}
 m - a scroll of magic mapping {unknown}
 x - 6 scrolls of amnesia {unknown}
 z - 3 scrolls of enchant armour {unknown}
 B - 7 scrolls of teleportation {unknown}
 J - a scroll of fear {unknown}
 Q - a scroll of enchant weapon {unknown}
 S - a scroll of brand weapon {unknown}
Potions
 h - 3 potions of cancellation
 n - 3 potions of lignification
 p - 4 potions of curing
 s - 2 potions of flight
 u - a potion of invisibility {unknown}
 A - 2 potions of ambrosia
 F - 2 potions of berserk rage {unknown}
 G - 2 potions of mutation {unknown}
 U - a potion of attraction {unknown}


   Skills:
 + Level 12.9(17.9) Fighting
 * Level 17.3(22.3) Axes
 + Level 12.9(17.9) Armour
 * Level 9.6(14.6) Shields
 + Level 9.8 Invocations


You had 12 spell levels left.
You didn't know any spells.
Your spell library contained the following spells:

 Spells                   Type           Power      Damage    Failure   Level
 Apportation              Tloc           0%         N/A       100%        1
 Magic Dart               Conj           0%         1d3       100%        1
 Pain                     Necr           0%         1d4       100%        1
 Sandblast                Erth           0%         2d4       100%        1
 Blink                    Tloc           N/A        N/A       100%        2
 Corpse Rot               Necr/Air       N/A        N/A       100%        2
 Passwall                 Tmut/Erth      0%         N/A       100%        2
 Searing Ray              Conj           0%         2d4       100%        2
 Lesser Beckoning         Tloc           0%         N/A       100%        3
 Stone Arrow              Conj/Erth      0%         3d7       100%        3
 Vampiric Draining        Necr           0%         2d6       100%        3
 Dispel Undead            Necr           0%         3d6       100%        4
 Fulminant Prism          Conj/Hex       0%         3d6       100%        4
 Iskenderun's Mystic Bla  Conj/Tloc      0%         2d3       100%        4
 Olgreb's Toxic Radiance  Pois           0%         N/A       100%        4
 Alistair's Intoxication  Tmut/Pois      0%         N/A       100%        5
 Borgnjor's Vile Clutch   Necr/Erth      0%         N/A       100%        5
 Lee's Rapid Deconstruct  Erth           0%         3d5*      100%        5
 Manifold Assault         Tloc           0%         N/A       100%        5
 Eringya's Noxious Bog    Tmut/Pois      0%         N/A       100%        6
 Invisibility             Hex            0%         N/A       100%        6
 Ozocubu's Refrigeration  Ice            0%         4d5       100%        7
 Ignition                 Fire           0%         3d3       100%        8
 Animate Skeleton         Necr           Unusable   N/A       N/A         1
 Summon Small Mammal      Summ           Unusable   N/A       N/A         1
 Death Channel            Necr           Unusable   N/A       N/A         6

Dungeon Overview and Level Annotations

Branches:
Dungeon (15/15)            Temple (1/1) D:7            Lair (1/6) D:8
    Orc (0/2) D:11         Vaults (0/5) D:13         Depths (0/4) D:15

Altars:
Ashenzari
Cheibriados
Dithmenos
Elyvilon
Fedhas
Gozag
Hepliaklqana
Kikubaaqudgha
Makhleb
Nemelex Xobeh
Okawaru
Qazlal
Ru
Sif Muna
Trog
Uskayaw
Vehumet
Wu Jian
Xom
Yredelemnul
Zin
The Shining One

Shops:
D:5 *   D:8 *   D:10 [

Portals:
Trove: D:13 (give +5 fire dragon scales)

Annotations:
D:6 1 runed translucent door, CougarLife's ghost, novice GnFi
Lair:1 Joseph


Innate Abilities, Weirdness & Mutations

You have a pair of horns on your head.
You reflexively headbutt those who attack you in melee.


Message History

Press: ? - help, Shift-Dir - straight line, f/p - ten-headed hydra
Aim: a ten-headed hydra (moderately wounded, 82% to hit)
You throw a curare-tipped dart.
The curare-tipped dart barely misses the ten-headed hydra.
The ten-headed hydra bites you.
* * * LOW HITPOINT WARNING * * *
You block the ten-headed hydra's attack.
The ten-headed hydra bites you!
* * * LOW HITPOINT WARNING * * *
You block the ten-headed hydra's attack. x2
The ten-headed hydra bites you!
* * * LOW HITPOINT WARNING * * *
The ten-headed hydra bites you but does no damage.
The ten-headed hydra bites you.
* * * LOW HITPOINT WARNING * * *
You block the ten-headed hydra's attack.
The ten-headed hydra bites you but does no damage.
Unknown command.
Okay, then.
Unknown command.
Okay, then.
Unknown command.
Okay, then.
Unknown command.
You gain the combat prowess of a mighty hero.
You block the ten-headed hydra's attack. x3
The ten-headed hydra bites you but does no damage.
You block the ten-headed hydra's attack.
The ten-headed hydra bites you but does no damage.
You block the ten-headed hydra's attack.
The ten-headed hydra barely misses you.
The ten-headed hydra closely misses you.
The ten-headed hydra bites you but does no damage.
Unknown command.
You can now deal lightning-fast blows.
You block the ten-headed hydra's attack.
The ten-headed hydra bites you but does no damage.
You block the ten-headed hydra's attack.
The ten-headed hydra bites you!
You die...

,,,,,,*,,,,,,,,**
,,,,,*,,....,,**
,,,,,,,*....,,*
,,,*,***.....**
,,**,**,.....##*
,,,,,,,,.......##########
,,,,,,,,................#
***,,,,,................#
*,,,,,,,.......D@#......#
,,,,,,,,................#
,,*,**,,........##......#
,,,,***,..#....###......#
,,,,***,#,#.###* #......#
≈,§,§**,*,#.* #......#
≈*,,,**,*,#,*
###..########
≈≈§,,*,,*,*,**
##....[#.....##
≈≈≈,,,,**,*,^*
*#.............##


You could see a ten-headed hydra.

Vanquished Creatures
  Rupert (D:15)
  Jorgrun (D:15)
  Gastronok (D:10)
  A war gargoyle (D:12)
  A stone giant (D:15)
  Snorg (D:13)
  A hydra (D:12)
  3 centaur warriors
  An ogre mage (D:13)
  A tengu warrior (D:13)
  5 two-headed ogres
  Nergalle (D:12)
  Sonja (D:11)
  4 skeletal warriors (D:13)
  A deep elf archer (D:13)
  A wizard (D:15)
  An orc knight (D:13)
  2 deep elf zephyrmancers (D:13)
  2 deep elf pyromancers
  A manticore (D:13)
  7 ugly things
  3 cyclopes
  2 centaur zombies
  8 gargoyles (D:12)
  Maggie (D:10)
  An efreet (D:15)
  3 komodo dragons
  6 trolls
  A meliai (shapeshifter) (D:12)
  A polar bear (D:13)
  5 slime creatures (D:15)
  A hornet (D:9)
  3 centaur simulacra (D:14)
  11 yaks
  3 wraiths
  A basilisk (D:15)
  2 vampires
  2 vampire mosquitoes
  A steam dragon (D:6)
  Duvessa (D:6)
  2 acid dragons
  3 ice beasts
  5 orc warriors
  A sky beast (D:8)
  6 black bears
  2 necrophages
  5 ogres
  A boggart (D:13)
  5 centaurs
  6 kobold brigands
  5 bullfrogs
  6 scorpions
  Dowan (D:6)
  A wyvern skeleton (D:6)
  14 killer bees
  12 wights
  A howler monkey (D:7)
  2 hounds (D:5)
  A jelly (D:4)
  6 orc priests
  A centaur skeleton (D:4)
  A bullfrog skeleton (D:5)
  A gnoll shaman (D:8)
  Jessica (D:2)
  2 iguanas
  Natasha (thrice) (D:4)
  3 orc wizards
  A hound skeleton (D:4)
  Robin (D:2)
  4 gnolls (D:4)
  5 adders
  4 white imps
  2 ufetubi
  2 worms (D:3)
  3 dart slugs
  19 orcs
  13 endoplasms
  3 giant cockroaches
  7 hobgoblins
  7 jackals (D:1)
  4 quokkas
  5 ball pythons
  5 bats
  3 frilled lizards
  14 goblins
  17 kobolds
  6 rats
316 creatures vanquished.

Vanquished Creatures (others)
  A deep elf pyromancer (D:14)
  A gargoyle (D:12)
  An orc (D:13)
  41 fungi (D:8)
  22 plants (D:8)
66 creatures vanquished.

Grand Total: 382 creatures vanquished

Notes
Turn   | Place    | Note
-------+----------+-------------------------------------------
     0 | D:1      | heikuro the Minotaur Fighter began the quest for the Orb.
     0 | D:1      | Reached XP level 1. HP: 19/19 MP: 0/0
   188 | D:1      | Found a faded altar of an unknown god.
   285 | D:1      | Reached XP level 2. HP: 27/27 MP: 1/1
   446 | D:1      | Reached skill level 3 in Axes
   797 | D:1      | Reached XP level 3. HP: 33/33 MP: 2/2
  1519 | D:2      | Reached XP level 4. HP: 40/40 MP: 3/3
  1543 | D:2      | Reached skill level 4 in Axes
  1606 | D:2      | Noticed Jessica
  1616 | D:2      | Killed Jessica
  1814 | D:2      | Noticed Robin
  1834 | D:2      | Killed Robin
  2191 | D:3      | Reached XP level 5. HP: 46/47 MP: 4/4
  2916 | D:4      | Noticed Natasha
  2919 | D:4      | Killed Natasha
  2920 | D:4      | Reached skill level 5 in Axes
  2924 | D:4      | Noticed Natasha
  2938 | D:4      | Killed Natasha
  2992 | D:4      | Noticed Natasha
  2995 | D:4      | Killed Natasha
  2996 | D:4      | Reached skill level 5 in Fighting
  2996 | D:4      | Reached skill level 5 in Armour
  3074 | D:4      | Reached XP level 6. HP: 51/56 MP: 5/5
  3251 | D:4      | Reached skill level 6 in Axes
  3924 | D:4      | Reached XP level 7. HP: 57/62 MP: 6/6
  4079 | D:4      | Found a glowing golden altar of the Shining One.
  4091 | D:4      | Found an opulent altar of Gozag.
  4096 | D:4      | Found an iron altar of Okawaru.
  4100 | D:4      | Became a worshipper of Warmaster Okawaru
  4216 | D:5      | Entered Level 5 of the Dungeon
  4439 | D:5      | Reached skill level 7 in Axes
  4439 | D:5      | Reached skill level 1 in Invocations
  4542 | D:5      | Reached * piety under Okawaru
  4801 | D:5      | Found Vokhlyklu's Serpentskin Sales.
  5124 | D:6      | Reached XP level 8. HP: 70/71 MP: 8/8
  5189 | D:6      | Found a runed translucent door.
  5189 | D:6      | Noticed CougarLife's ghost (novice GnFi)
  5190 | D:6      | Found the +4 dagger "Morg" {pain, Will+ Int+5}
  5197 | D:6      | Reached skill level 8 in Axes
  5920 | D:6      | Reached ** piety under Okawaru
  5995 | D:6      | Reached skill level 9 in Axes
  6096 | D:6      | Noticed Duvessa
  6096 | D:6      | Noticed Dowan
  6103 | D:6      | Killed Duvessa
  6112 | D:6      | Killed Dowan
  6558 | D:6      | Reached XP level 9. HP: 74/79 MP: 10/10
  7183 | D:7      | Reached skill level 10 in Axes
  8156 | D:7      | Found a staircase to the Ecumenical Temple.
  8166 | Temple   | Entered the Ecumenical Temple
  8566 | D:8      | Noticed a komodo dragon
  8579 | D:8      | Killed a komodo dragon
  8579 | D:8      | Reached *** piety under Okawaru
  8717 | D:8      | Reached skill level 11 in Axes
  8720 | D:8      | Found a staircase to the Lair.
  8728 | D:8      | Reached skill level 5 in Invocations
  9002 | D:8      | Found Vacs's Lightly-Used Armoury.
  9097 | D:8      | Reached XP level 10. HP: 75/90 MP: 12/12
  9932 | D:9      | Paralysed by a hornet for 2 turns
 10574 | Lair:1   | Entered Level 1 of the Lair of Beasts
 10574 | Lair:1   | Noticed Joseph
 11256 | D:10     | Entered Level 10 of the Dungeon
 11302 | D:10     | Reached **** piety under Okawaru
 11303 | D:10     | Reached skill level 12 in Axes
 11928 | D:10     | Reached ***** piety under Okawaru
 12313 | D:10     | Found a shimmering altar of Xom.
 12359 | D:10     | Reached skill level 13 in Axes
 12511 | D:10     | Noticed Gastronok
 12531 | D:10     | Killed Gastronok
 12532 | D:10     | Reached skill level 10 in Fighting
 12532 | D:10     | Reached skill level 10 in Armour
 12532 | D:10     | Reached XP level 11. HP: 54/99 MP: 12/15
 12728 | D:10     | Found Kuceda's Antique Armour Shoppe.
 12741 | D:10     | Bought a heavily runed chain mail for 294 gold pieces
 12741 | D:10     | Identified the +6 chain mail "Domegiem" {Dex+7} (You bought
                  | it in a shop on level 10 of the Dungeon)
 12741 | D:10     | Bought a pair of embroidered boots for 232 gold pieces
 12789 | D:10     | Noticed Maggie
 12800 | D:10     | Killed Maggie
 13044 | D:11     | Noticed Sonja
 13061 | D:11     | Killed Sonja
 13073 | D:11     | Noticed a two-headed ogre
 13082 | D:11     | Killed a two-headed ogre
 13082 | D:11     | Received a gift from Okawaru
 13555 | D:11     | Reached skill level 14 in Axes
 13673 | D:11     | Found a staircase to the Orcish Mines.
 13772 | D:12     | Noticed Nergalle
 13780 | D:12     | Killed Nergalle
 13785 | D:12     | Received a gift from Okawaru
 13868 | D:12     | Noticed a purple ugly thing
 13884 | D:12     | Killed a purple ugly thing
 14022 | D:12     | Reached skill level 5 in Shields
 14027 | D:12     | Noticed a war gargoyle
 14394 | D:12     | Killed a war gargoyle
 14394 | D:12     | Identified the +9 executioner's axe of Qenlyhai {vorpal,
                  | *Noise rCorr Str+5 Dex-5} (Okawaru gifted it to you on
                  | level 12 of the Dungeon)
 14394 | D:12     | Received a gift from Okawaru
 14395 | D:12     | Reached skill level 15 in Axes
 14395 | D:12     | Reached XP level 12. HP: 94/110 MP: 10/17
 14481 | D:12     | Noticed a five-headed hydra
 14490 | D:12     | Killed a ten-headed hydra
 14977 | D:12     | Noticed a two-headed ogre
 14980 | D:12     | Killed a two-headed ogre
 15248 | D:13     | Noticed Snorg
 15249 | D:13     | Noticed a tengu warrior
 15259 | D:13     | Killed a tengu warrior
 15261 | D:13     | Killed Snorg
 15266 | D:13     | Received a gift from Okawaru
 15666 | D:13     | Reached skill level 16 in Axes
 16126 | D:13     | Noticed a centaur warrior
 16143 | D:13     | Killed a centaur warrior
 16279 | D:13     | Found a portal to a secret trove of treasure.
 16323 | D:13     | Noticed a two-headed ogre
 16336 | D:13     | Killed a two-headed ogre
 16427 | D:13     | Noticed a two-headed ogre
 16427 | D:13     | Noticed an ogre mage
 16431 | D:13     | Killed an ogre mage
 16432 | D:13     | Reached XP level 13. HP: 116/118 MP: 18/18
 16585 | D:13     | Identified the +1 scale mail of Faedghi {Dex+4}
 16843 | D:13     | Found a gate to the Vaults.
 17208 | D:14     | Found a stormy altar of Qazlal.
 17596 | D:15     | Entered Level 15 of the Dungeon
 17623 | D:15     | Reached ****** piety under Okawaru
 17706 | D:15     | Noticed Jorgrun
 17733 | D:15     | Killed Jorgrun
 17978 | D:15     | Noticed Rupert
 17991 | D:15     | Killed Rupert
 17991 | D:15     | Received a gift from Okawaru
 17992 | D:15     | Reached skill level 17 in Axes
 18116 | D:15     | Found a staircase to the Depths.
 18116 | D:15     | Noticed a stone giant
 18169 | D:15     | Killed a stone giant
 18645 | D:15     | Received a gift from Okawaru
 18881 | D:15     | Slain by a ten-headed hydra

Illustrated notes

Levels and vault maps discovered:
D:1:      minmay_arrival_wavy_path, layout_basic,
          hellmonk_ecumenical_altar_blasted
D:2:      layout_basic, minmay_pentomino_s2, uniq_robin, uniq_jessica
D:3:      kennysheep_big_flooded_room, layout_loops_ring, kennysheep_nub
D:4:      layout_basic, grunt_temple_overflow_diamond, uniq_natasha
D:5:      layout_basic, guppyfry_shop_venom
D:6:      layout_loops_corners, ebering_ghost_inner_flame, uniq_duvessa
D:7:      layout_cave_pods, lemuel_temple_firewalk_b
D:8:      layout_basic, due_lair_maze_entry_diamond, minmay_shop_damaged
D:9:      layout_basic, serial_park_tiny_pond
D:10:     layout_roguey, lemuel_doored_altar, serial_shops, shop, st_stairs_9,
          uniq_maggie, uniq_gastronok
D:11:     layout_big_octagon, uniq_sonja
D:12:     gargoyle_guard, layout_basic, st_stairs_7, uniq_nergalle
D:13:     layout_roguey, hangedman_vaults_entry_quadrant_bands,
          nicolae_trove_entry_free_sample, grunt_tough_drop, uniq_snorg
D:14:     layout_rooms, serial_ice, serial_ice_c, serial_ice_j, serial_ice_m,
          serial_ice_b, nicolae_qazlal_general_emergency
D:15:     grunt_enter_depths_giant_problem, layout_rooms,
          hangedman_abyss_or_decor_stabs, uniq_rupert, uniq_jorgrun
Temple:   compressed_dpeg_circular_temple
Lair:1:   layout_chaotic_city, uniq_joseph

Skill      XL: |  1  2  3  4  5  6  7  8  9 10 11 12 13 |
---------------+----------------------------------------+-----
Axes           | 3 4 5 6 7 9 11 13 15 16 17 | 17.3
Armour         | 4 5 6 7 8 10 11 12 | 12.9
Fighting       | 4 5 6 7 8 10 11 12 | 12.9
Shields        | 4 5 7 9 |  9.6
Invocations    | 2 3 5 6 8 9 |  9.8

Action                   |  1- 3 |  4- 6 |  7- 9 | 10-12 | 13-15 || total
-------------------------+-------+-------+-------+-------+-------++-------
Melee: War axe           |    84 |   141 |   255 |   367 |   157 ||  1004
       Headbutt          |    11 |    22 |    62 |   118 |    59 ||   272
       Executioner's axe |       |       |       |    33 |       ||    33
Throw: Boomerang         |     1 |     3 |       |       |     6 ||    10
       Dart              |       |       |     7 |    24 |    11 ||    42
Invok: Heroism           |       |       |     4 |    17 |     5 ||    26
       Finesse           |       |       |       |     3 |     2 ||     5
Evoke: Wand              |       |       |       |       |     1 ||     1
  Use: Scroll            |       |       |       |     6 |       ||     6
       Potion            |       |       |       |     5 |       ||     5
Armor: Chain mail        |    61 |    67 |       |   131 |   102 ||   361
       Ring mail         |       |       |   130 |    70 |       ||   200
Dodge: Dodged            |    26 |    91 |   115 |   162 |    46 ||   440
Block: Buckler           |    20 |    34 |    50 |    54 |       ||   158
       Kite shield       |       |       |       |    35 |       ||    35
       Tower shield      |       |       |       |    70 |   171 ||   241

Table legend: (Time is in decaauts)
 A = Elapsed time spent in this place.
 B = Non-inter-level travel time spent in this place.
 C = Inter-level travel time spent in this place.
 D = Time resting spent in this place.
 E = Time spent auto-exploring this place.
 F = Levels seen in this place.
 G = Mean time per level.
                   A        B        C        D        E       F      G
               +--------+--------+--------+--------+--------+-----+--------+
         Total |  18846 |  18018 |    828 |   4724 |  10063 |  17 | 1108.6 |
       Dungeon |  18735 |  17915 |    820 |   4724 |   9976 |  15 | 1249.0 |
        Temple |    109 |    101 |      8 |      0 |     87 |   1 |  109.0 |
          Lair |      1 |      1 |      0 |      0 |      0 |   1 |    1.0 |
               +--------+--------+--------+--------+--------+-----+--------+

Top non-repeatable levels by time:
     D:6: 1835 daAuts
    D:10: 1806 daAuts
     D:7: 1498 daAuts
     D:9: 1404 daAuts
    D:12: 1393 daAuts
    D:13: 1373 daAuts
     D:8: 1352 daAuts
     D:1: 1344 daAuts
     D:4: 1318 daAuts
    D:15: 1107 daAuts
    D:11: 1037 daAuts
     D:2: 845 daAuts
    D:14: 830 daAuts
     D:5: 809 daAuts
     D:3: 779 daAuts
